 Dungeon Crawl Stone Soup version 0.26-a0-661-g406de6ba63 (webtiles) character file.

Game seed: 15688237571714952409

2191 halkony2012 the Cleaver (level 9, 0/79 HPs)
             Began as a Hill Orc Monk on Oct 8, 2020.
             Was a Priest of Beogh.
             Slain by a worker ant (2 damage)
             ... on level 8 of the Dungeon.
             The game lasted 00:20:13 (8478 turns).

halkony2012 the Cleaver (Hill Orc Monk)             Turns: 8478, Time: 00:20:13

Health: 0/79       AC:  8    Str: 17      XL:     9   Next: 33%
Magic:  10/10      EV:  9    Int: 10      God:    Beogh [***...]
Gold:   384        SH:  8    Dex: 12 (13) Spells: 8/8 levels left

rFire    + . .     SeeInvis .   z - +0 war axe (curse)
rCold    . . .     Faith    .   f - +0 kite shield
rNeg     . . .     Spirit   .   p - +0 ring mail
rPois    .         Reflect  .   (no helmet)
rElec    .         Harm     .   s - +0 cloak
rCorr    .         Rampage  .   (no gloves)
MR       .....                  g - +0 pair of boots
Stlth    +.........             (no amulet)
HPRegen  0.23/turn              C - ring of protection from fire
MPRegen  0.12/turn              (no ring)

@: lethally poisoned (0 -> -28)
A: low mp 1, shaggy fur 1
a: Smiting, Renounce Religion


You were on level 8 of the Dungeon.
You worshipped Beogh.
Beogh was most pleased with you.
You visited 1 branch of the dungeon, and saw 8 of its levels.
You also visited: Ossuary.

You collected 384 gold pieces.

Inventory:

Hand Weapons
 a - a +0 hand axe
 x - a +5 spear of venom
 y - a +0 spear
 z - a cursed +0 war axe (weapon)
 B - a +3 trident
Armour
 b - a +0 robe
 f - a +0 kite shield (worn)
 g - a +0 pair of boots (worn)
 p - a +0 ring mail (worn)
 s - a +0 cloak (worn)
 u - a +0 chain mail
Jewellery
 C - a ring of protection from fire (left hand)
Wands
 e - a wand of random effects (17)
 t - a wand of flame (18)
 E - a wand of acid (10)
 F - a wand of enslavement (5)
Scrolls
 h - 8 scrolls of identify
 l - 4 scrolls of teleportation
 o - 2 scrolls of amnesia
 q - 4 scrolls of remove curse
 G - a scroll of fog
 H - a scroll of random uselessness
Potions
 c - a potion of curing
 i - 3 potions of flight
 j - 2 potions of lignification
 k - a potion of ambrosia
 m - a potion of resistance
 n - a potion of heal wounds
 r - a potion of magic
 v - a potion of haste
 w - a potion of brilliance
 D - 3 potions of stabbing


   Skills:
 + Level 7.2 Fighting
 * Level 13.5 Axes
 - Level 0.2 Armour
 - Level 2.5 Dodging
 - Level 1.7 Stealth
 - Level 1.2 Shields
 * Level 3.2 Invocations


You had 8 spell levels left.
You didn't know any spells.
Your spell library contained the following spells:

 Spells                   Type           Power        Failure   Level
 Summon Small Mammal      Summ           #...         99%         1
 Call Imp                 Summ           #.......     99%         2
 Call Canine Familiar     Summ           #.......     100%        3
 Confusing Touch          Hex            #.......     100%        3
 Gell's Gravitas          Tloc           #.........   100%        3
 Summon Guardian Golem    Hex/Summ       #.......     100%        3
 Petrify                  Tmut/Erth      #.......     100%        4
 Summon Ice Beast         Ice/Summ       #.......     100%        4
 Summon Lightning Spire   Summ/Air       #.......     100%        4
 Metabolic Englaciation   Hex/Ice        #.........   100%        5
 Yara's Violent Unravell  Hex/Tmut       #.........   100%        5


Dungeon Overview and Level Annotations

Branches:
Dungeon (8/15)            Ossuary (visited)
 Temple: D:4-7         Lair: D:8-11

Altars:
Cheibriados
Dithmenos
Ru

Shops:
D:8 [

Annotations:
D:4 exclusions: ogre and 1 more exclusion, Edmund, Menkaure
D:5 exclusion: upstairs


Innate Abilities, Weirdness & Mutations

Your magical capacity is low. (-10% MP)
You are covered in fur. (AC +1)


Message History

* * * LOW HITPOINT WARNING * * *
Your orc warrior hits the killer bee with a -2 dagger!!
The killer bee dies!
Beogh accepts your kill.
Your orc warrior looks more experienced.
The killer bee barely misses you. The worker ant bites you.
* * * LOW HITPOINT WARNING * * *
You are more poisoned.
The worker ant poisons you!
The killer bee stings you but does no damage.
You hit the killer bee but do no damage.
The killer bee is lightly wounded.
You miss the killer bee. You closely miss the worker ant.
* * * LOW HITPOINT WARNING * * *
You feel sick. The killer bee stings you!
* * * LOW HITPOINT WARNING * * *
You are more poisoned.
The killer bee poisons you! The killer bee barely misses you.
The worker ant bites you.
You die...

#................ #...
#................ ...>
##............... .....
#............... .....
#............... ......
#...............
......####...............
..[....B)o...............
.......y@#y..............
.......y##...............
........###..............
........# ##.......######
......... ##..##### #
......... #...##
......... ##...########
.........# ##..#.......
##.........


You could see a worker ant, 2 killer bees and a friendly orc warrior (extremely
poisoned).

Vanquished Creatures
  2 orc warriors
  An ice beast (D:6)
  2 sky beasts
  3 ogres
  A big kobold (D:7)
  2 bullfrogs
  2 water moccasin zombies (Ossuary)
  A gnoll sergeant (D:6)
  2 scorpions
  5 wights (D:6)
  A quasit (D:8)
  A bullfrog zombie (D:6)
  A jelly (D:7)
  2 bullfrog skeletons
  An orc priest (D:7)
  3 worker ants
  2 orc wizards (D:7)
  A killer bee zombie (D:7)
  2 big kobold zombies (Ossuary)
  A hound skeleton (D:2)
  2 mummies (Ossuary)
  4 gnolls (D:6)
  5 adders
  A white imp (D:6)
  2 ufetubi
  An ooze (D:2)
  10 adder zombies (Ossuary)
  A dart slug (D:3)
  2 leopard geckos
  3 orcs
  6 giant cockroaches
  2 gnoll zombies (Ossuary)
  5 goblins
  2 hobgoblins (D:1)
  7 jackals (D:2)
  3 quokkas (D:2)
  A ball python (D:2)
  5 bats
  3 frilled lizards
  3 hobgoblin zombies (Ossuary)
  15 kobolds
  5 kobold zombies (Ossuary)
  3 orc zombies (Ossuary)
  6 rats
133 creatures vanquished.

Vanquished Creatures (collateral kills)
  A sky beast (D:7)
  A bullfrog (D:7)
  3 killer bees (D:8)
  A quasit (D:8)
  A hound (D:8)
  A hound skeleton (D:8)
  A leopard gecko (D:7)
  An orc (D:8)
10 creatures vanquished.

Vanquished Creatures (others)
  6 orcs
  A quokka (D:3)
  A fungus (D:8)
  2 plants (D:8)
10 creatures vanquished.

Grand Total: 153 creatures vanquished

Notes
Turn   | Place    | Note
-------+----------+-------------------------------------------
     0 | D:1      | halkony2012 the Hill Orc Monk began the quest for the Orb.
     0 | D:1      | Reached XP level 1. HP: 19/19 MP: 1/1
   331 | D:1      | Reached XP level 2. HP: 21/27 MP: 2/2
  1039 | D:2      | Reached XP level 3. HP: 29/33 MP: 3/3
  1380 | D:2      | Reached skill level 5 in Axes
  2077 | D:2      | Reached skill level 1 in Shields
  2233 | D:2      | Reached XP level 4. HP: 40/40 MP: 4/4
  2826 | D:3      | Found a snail-covered altar of Cheibriados.
  2932 | D:3      | Became a worshipper of Beogh the Brigand
  2932 | D:3      | Reached * piety under Beogh
  2932 | D:3      | Reached ** piety under Beogh
  3641 | D:4      | Found a sacrificial altar of Ru.
  3647 | D:4      | Noticed an ogre
  3672 | D:4      | Killed an ogre
  3672 | D:4      | Reached skill level 6 in Axes
  3672 | D:4      | Reached XP level 5. HP: 26/47 MP: 5/5
  3820 | D:4      | Noticed Menkaure
  3820 | D:4      | Noticed Edmund
  3820 | D:4      | Noticed an ogre
  3877 | D:4      | Found a shadowy altar of Dithmenos.
  3976 | D:5      | Entered Level 5 of the Dungeon
  4042 | D:5      | You fall into a shaft and drop 1 floor!
  4185 | D:6      | Found a sand-covered staircase.
  4194 | Ossuary  | Entered an ossuary
  4210 | Ossuary  | Reached skill level 7 in Axes
  4337 | Ossuary  | Reached XP level 6. HP: 34/53 MP: 6/6
  4356 | Ossuary  | Gained mutation: Your magical capacity is low. (-10% MP)
                  | [potion of mutation]
  4356 | Ossuary  | Gained mutation: You are covered in fur. (AC +1) [potion of
                  | mutation]
  4524 | Ossuary  | Reached skill level 8 in Axes
  4584 | Ossuary  | Reached skill level 5 in Fighting
  4920 | D:6      | Reached XP level 7. HP: 32/61 MP: 6/6
  5300 | D:6      | Reached skill level 9 in Axes
  5894 | D:6      | Reached skill level 10 in Axes
  6173 | D:6      | Reached XP level 8. HP: 47/70 MP: 7/7
  6531 | D:6      | Reached skill level 1 in Invocations
  6629 | D:6      | Reached skill level 11 in Axes
  7205 | D:7      | Reached *** piety under Beogh
  7410 | D:7      | Reached skill level 12 in Axes
  7752 | D:7      | Reached XP level 9. HP: 78/78 MP: 9/9
  8130 | D:8      | Reached skill level 13 in Axes
  8463 | D:8      | Found Veabeiba's Antique Armour Emporium.
  8478 | D:8      | HP: 2/79 [killer bee (7)]
  8478 | D:8      | Slain by a worker ant

Illustrated notes

Levels and vault maps discovered:
D:1:      sevenhm_arrival_forest_fort_large_2, layout_loops_cross,
          chequers_serial_rivers_micro_b, minivault_24
D:2:      layout_basic, hangedman_decor_diamond_cutter
D:3:      layout_loops_corners, lemuel_crystal_altar, uniq_crazy_yiuf_cottage
D:4:      layout_loops_cross, grunt_dithmenos_smoke,
          minmay_temple_entry_proselytizer, nicolae_ru_awakened_eye,
          uniq_menkaure, uniq_edmund
D:5:      layout_basic, serial_glass, glass_columns_c, glass_columns_a,
          feat_on_display, due_unseen_surprise, minmay_strange_pillars,
          minmay_strange_pillars, grunt_ashenzari_visionary
          [grunt_ashenzari_visionary_shoals, grunt_ashenzari_visionary_spider],
          uniq_pikel
D:6:      layout_basic, nicolae_ossuary_entry_ruins
D:7:      layout_rooms
D:8:      layout_cave_pods, david_lair_generic, serial_shops, shop,
          enter_bailey_3

Skill      XL: |  1  2  3  4  5  6  7  8  9 |
---------------+----------------------------+-----
Fighting       | 4 5 6 7 |  7.2
Axes           | 5 6 7 8 10 12 13 | 13.5
Shields        | 1 |  1.2
Invocations    | 2 3 |  3.2
Armour         | |  0.2
Dodging        | |  2.5
Stealth        | |  1.7

Action                   |  1- 3 |  4- 6 |  7- 9 || total
-------------------------+-------+-------+-------++-------
Melee: Hand axe          |   126 |   277 |    38 ||   441
       War axe           |       |       |   220 ||   220
Invok: Convert to Beogh  |       |     1 |       ||     1
       Smiting           |       |       |     6 ||     6
Evoke: Wand              |       |     1 |       ||     1
  Use: Scroll            |       |     9 |     7 ||    16
       Potion            |       |     5 |     7 ||    12
 Stab: Sleeping          |     4 |     1 |       ||     5
       Distracted        |       |       |     1 ||     1
Armor: Robe              |    21 |     2 |       ||    23
       Ring mail         |       |    84 |    83 ||   167
Dodge: Dodged            |    59 |    89 |    93 ||   241
Block: Kite shield       |    42 |   105 |    89 ||   236

Table legend: (Time is in decaauts)
 A = Elapsed time spent in this place.
 B = Non-inter-level travel time spent in this place.
 C = Inter-level travel time spent in this place.
 D = Time resting spent in this place.
 E = Time spent auto-exploring this place.
 F = Levels seen in this place.
 G = Mean time per level.
                   A        B        C        D        E       F      G
               +--------+--------+--------+--------+--------+-----+--------+
         Total |   8508 |   8327 |    181 |   1861 |   4793 |   9 |  945.3 |
       Dungeon |   7836 |   7655 |    181 |   1481 |   4793 |   8 |  979.5 |
       Ossuary |    672 |    672 |      0 |    380 |      0 |   1 |  672.0 |
               +--------+--------+--------+--------+--------+-----+--------+

Top non-repeatable levels by time:
     D:6: 2471 daAuts
     D:2: 1843 daAuts
     D:7: 937 daAuts
     D:3: 925 daAuts
     D:1: 886 daAuts
 Ossuary: 672 daAuts
     D:8: 354 daAuts
     D:4: 350 daAuts
     D:5: 67 daAuts
